AoeStats
← Masaru824267

Golden Pit

509379379Analyzed
1v1 RM · 7d ago on Sep 26, 2026· 28m 53s· 2 players
Game mode
Random Map
Map size
Tiny (2 player)
Population
200
Speed
Normal
Resources
Standard
Victory
Conquest
Starting age
Dark Age
Ending age
Imperial Age
RankedLock teamsTeams togetherTeam positionsShared explorationLock speedFull tech treeHidden civsTurbo modeCheats
Victory
Defeat
🇯🇵 Tatars · Japan
971
+17
🇬🇧 Burgundians · United Kingdom
1003
-48
Masaru824267
5:26 Loom
9:49 Feudal Age
10:24 Double-Bit Axe
13:07 Town Watch
15:44 Wheelbarrow
17:22 Fletching
24:15 Castle Age
24:03 Scale Barding Armor
24:09 Forging
25:01 Bodkin Arrow
25:46 Padded Archer Armor
Felxion
3:20 Loom
5:40 Loom
8:18 Loom
11:29 Feudal Age
13:18 Wheelbarrow
12:31 Double-Bit Axe
20:09 Fletching
22:21 Bow Saw
23:50 Hand Cart
24:53 Town Watch
29:01 Castle Age
Connection lost

Rejoining the realm…

Still unreachable

The connection could not be restored.

Session expired

The server has moved on; the page needs a fresh start.